 Dungeon Crawl Stone Soup version 0.28.0-1-gb440e238dd (webtiles) character file.

Game seed: 10663121874434949442

17474 spaghetti the Cardsharp (level 12, -8/97 HPs)
             Began as a Deep Dwarf Monk on Feb 21, 2022.
             Was a High Priest of Nemelex Xobeh.
             Shot with an arrow by a centaur warrior (9 damage)
             ... on level 13 of the Dungeon.
             The game lasted 00:47:51 (10403 turns).

spaghetti the Cardsharp (Deep Dwarf Monk)          Turns: 10403, Time: 00:47:53

Health: -8/97      AC: 16    Str: 19    XL:     12   Next: 19%
Magic:  17/19      EV: 12    Int: 12    God:    Nemelex Xobeh [*****.]
Gold:   543        SH: 11    Dex: 15    Spells: 6/11 levels left

rFire   + + .      SeeInvis .   a - +1 whip (elec)
rCold   . . .      Faith    .   z - +0 kite shield
rNeg    . . .      Spirit   .   u - +3 leather armour {rF+}
rPois   .          Reflect  .   o - +2 hat
rElec   .          Harm     .   e - +0 cloak
rCorr   .          Rampage  .   (no gloves)
Will    +....                   c - +0 pair of boots
Stlth   ++........              (no amulet)
HPRegen 0.00/turn               m - +4 ring of protection
MPRegen 0.16/turn               (no ring)

@: very slightly contaminated
A: damage resistance, heal wounds, sense surroundings 2, no regeneration,
iridescent scales 1, fire resistance 1
a: Heal Wounds, Renounce Religion, Draw Escape, Draw Destruction, Draw
Summoning, Triple Draw, Deal Four, Stack Five


You were on level 13 of the Dungeon.
You worshipped Nemelex Xobeh.
Nemelex Xobeh was extremely pleased with you.
You visited 1 branch of the dungeon, and saw 12 of its levels.

You collected 639 gold pieces.
You spent 96 gold pieces at shops.

Inventory:

Hand Weapons
 a - a +1 whip of electrocution (weapon)
 b - a +3 vorpal fustibalus
 w - a +0 mace
 C - the +7 war axe of Nufoxolu {vorpal, Fly rPois}
   (You found it on level 8 of the Dungeon)

   It inflicts extra damage upon your enemies.
   rPois:     It protects you from poison.
   Fly:       It grants you flight.
Missiles
 h - 348 stones
 s - 54 sling bullets
 v - 2 curare-tipped darts
Armour
 c - a +0 pair of boots (worn)
 e - a +0 cloak (worn)
 l - a +0 buckler
 o - a +2 hat (worn)
 p - a +0 tower shield
 u - a +3 leather armour of fire resistance (worn)
 z - a +0 kite shield (worn)
Jewellery
 d - a ring of positive energy
 m - a +4 ring of protection (left hand)
Wands
 n - a wand of flame (4) (quivered)
 t - a wand of paralysis (3)
 x - a wand of iceblast (8)
Scrolls
 f - 2 scrolls of silence
 g - a scroll of brand weapon
 j - a scroll of blinking
 k - 4 scrolls of enchant armour
 q - 6 scrolls of identify
 r - 3 scrolls of magic mapping
 y - 3 scrolls of fog
 A - 2 scrolls of vulnerability
 B - 2 scrolls of fear
Potions
 i - 8 potions of curing


   Skills:
 - Level 3.3 Fighting
 + Level 7.7(8.2) Axes
 - Level 3.7(5.9) Maces & Flails
 + Level 11.8 Slings
 - Level 4.1 Dodging
 - Level 3.7 Stealth
 + Level 9.5 Shields
 + Level 5.8 Summonings
 + Level 12.9 Invocations


You had 6 spell levels left.
You knew the following spells:

 Your Spells              Type           Power      Damage    Failure   Level
a - Summon Small Mammal   Summ           56%        N/A       9%          1
b - Animate Skeleton      Necr           0%         N/A       67%         1
c - Call Canine Familiar  Summ           14%        N/A       26%         3

Your spell library contained the following spells:

 Spells                   Type           Power      Damage    Failure   Level
 Summon Guardian Golem    Hex/Summ       7%         N/A       63%         3
 Apportation              Tloc           0%         N/A       67%         1
 Beastly Appendage        Tmut           0%         N/A       67%         1
 Wereblood                Tmut           0%         N/A       80%         2
 Spider Form              Tmut/Pois      0%         N/A       95%         3
 Animate Armour           Summ/Erth      14%        N/A       95%         4
 Alistair's Intoxication  Tmut/Pois      0%         N/A       100%        5
 Blade Hands              Tmut           0%         N/A       100%        5
 Borgnjor's Vile Clutch   Necr/Erth      0%         N/A       100%        5
 Eringya's Noxious Bog    Tmut/Pois      0%         N/A       100%        6
 Iron Shot                Conj/Erth      0%         9d1       100%        6


Dungeon Overview and Level Annotations

Branches:
Dungeon (11/15)            Temple (0/1) D:4
   Lair: D:8-11         Orc: D:9-12

Altars:
Elyvilon
Nemelex Xobeh
Okawaru
Qazlal
Sif Muna
Trog
Xom
Yredelemnul
Zin

Shops:
D:4 !!=

Annotations:
D:3 exclusion: kobold
D:6 Sigmund
D:10 2 transporters, Bediveer's ghost, journeyman MfGl
D:13 Rupert


Innate Abilities, Weirdness & Mutations

You are resistant to damage.
You can heal yourself by infusing magical energy.
You passively map the area around you.
You do not regenerate.
You are partially covered in iridescent scales. (AC +2)
Your flesh is heat resistant. (rF+)


Message History

Aiming: Paralyse
Press: ? - help, Shift-Dir - straight line, f - deep elf knight
Aim: a deep elf knight, wielding a +0 scimitar (severely wounded, fast, chance to affect: 7%)
Okay, then.
Casting: Call Canine Familiar (dangerous; 26% risk of failure)
Confirm with . or Enter, or press ? or * to list all spells.
You miscast Call Canine Familiar.
You are very lightly contaminated with residual magic.
Nothing appears to happen.
As you read the scroll of fear, it crumbles to dust.
You assume a fearsome visage.
The deep elf knight looks frightened!
The centaur warrior looks frightened!
The deep elf knight gives up.
The deep elf knight casts a spell.
The deep elf knight flickers and vanishes!
Deactivating autopickup; reactivate with Ctrl-A.
You open the door.
Found 24 stones.
You hear some strange, mumbled words.
A shard of ice appears from out of thin air!
The shard of ice hits you!!
* * * LOW HITPOINT WARNING * * *
There is an open door here.
A shard of ice appears from out of thin air!
The shard of ice hits you!
* * * LOW HITPOINT WARNING * * *
You close the door.
Okay, then.
Okay, then.
Blink to where?
Press: ? - help, Dir - move target
As you read the scroll of blinking, it crumbles to dust.
Something unseen opens the door.
You open the door.
A centaur warrior comes into view.
The centaur warrior shouts!
The centaur warrior wields a +0 shortbow.
The centaur warrior shoots an arrow.
The arrow hits you!
You die...
Your body glows with a rainbow of weird colours and disappears.

#...cep# , #p######
** ####'#######
+### * #..........#
* .....
#..........#
*,..... *
#..........# ......
,* #........).#
###......
#...)......#
#.'c.....
#..........# #@#, ,
#..........###..(#,
, *
#..........'§..###
, ,
#..........##### ,
* ######†##### , ,
#...# ,, ,, ,*
###.## * *+ * *
#..# ,* ##.#
####+#### *


You could see a centaur warrior.

Vanquished Creatures
  A boulder beetle (D:11)
  3 death yaks (D:11)
  A gargoyle (D:9)
  Psyche (D:8)
  2 nameless horrors
  Prince Ribbit (D:8)
  A troll (D:9)
  4 slime creatures (D:13)
  2 shadows
  7 yaks
  A wyvern (D:6)
  A basilisk (D:13)
  3 humans (D:13)
  A warg (D:5)
  Edmund (D:6)
  2 water moccasins
  A necrophage (D:5)
  A wolf (D:3)
  2 ogres
  4 centaurs
  2 phantoms (D:5)
  A kobold brigand (D:8)
  2 gnoll sergeants (D:7)
  3 bullfrogs
  2 scorpions
  6 killer bees (D:9)
  A water moccasin skeleton (D:7)
  A howler monkey (D:7)
  5 wights (D:7)
  A centaur zombie (D:6)
  2 jellies (D:6)
  2 gnoll shamans (D:7)
  2 orc priests
  4 bullfrog skeletons
  5 hounds
  4 orc wizards
  An iguana (D:5)
  3 killer bee zombies
  2 hound skeletons
  A howler monkey zombie (D:8)
  14 gnolls
  7 adders
  A shadow imp (D:8)
  2 white imps
  2 worms
  7 dart slugs
  24 orcs
  10 ball pythons
  7 bats
  7 endoplasms
  2 giant cockroaches
  3 goblins
  11 hobgoblins
  10 jackals
  A frilled lizard (D:1)
  9 kobolds
  3 rats (D:1)
210 creatures vanquished.

Vanquished Creatures (collateral kills)
  Nessos (D:13)
  Fannar (D:11)
  Erolcha (D:11)
  A hydra (D:13)
  Erica (D:11)
  3 death yaks (D:11)
  An orange crystal statue (D:8)
  A centaur zombie (D:11)
  A kobold demonologist (D:10)
  A hornet (D:11)
  2 humans (D:13)
  A steam dragon (D:7)
  A necrophage (D:8)
  A phantom (D:3)
  7 kobold brigands
  A gnoll sergeant (D:7)
  6 killer bees (D:9)
  3 nameless horrors
  A bullfrog zombie (D:6)
  A jelly (D:6)
  An orc priest (D:3)
  2 hounds (D:6)
  A gnoll shaman (D:10)
  7 gnolls
  An orc (D:6)
  A jackal (D:7)
  10 kobolds
59 creatures vanquished.

Vanquished Creatures (others)
  A centaur warrior (D:13)
1 creature vanquished.

Grand Total: 270 creatures vanquished

Notes
Turn   | Place    | Note
-------+----------+-------------------------------------------
     0 | D:1      | spaghetti the Deep Dwarf Monk began the quest for the Orb.
     0 | D:1      | Reached XP level 1. HP: 20/20 MP: 1/1
    54 | D:3      | Found a sparkling altar of Nemelex Xobeh.
   106 | D:3      | Noticed a scorpion
   137 | D:3      | Became a worshipper of Nemelex Xobeh the Trickster
   137 | D:3      | Reached * piety under Nemelex Xobeh
   137 | D:3      | Received a gift from Nemelex Xobeh
   137 | D:3      | Reached ** piety under Nemelex Xobeh
   178 | D:3      | Noticed an orc priest
   178 | D:3      | Noticed a phantom
   199 | D:3      | Killed a phantom
   199 | D:3      | Killed an orc priest
   200 | D:3      | Reached XP level 2. HP: 28/28 MP: 2/2
   200 | D:3      | Reached XP level 3. HP: 34/34 MP: 3/3
   200 | D:3      | Reached XP level 4. HP: 42/42 MP: 4/4
   245 | D:2      | Reached skill level 1 in Invocations
   492 | D:1      | Reached skill level 2 in Invocations
   492 | D:1      | Reached XP level 5. HP: 39/49 MP: 6/6
   573 | D:1      | Learned a level 1 spell: Summon Small Mammal
   575 | D:1      | Learned a level 1 spell: Animate Skeleton
  1165 | D:2      | Received a gift from Nemelex Xobeh
  1816 | D:3      | Noticed a steam dragon
  1886 | D:3      | Noticed a wolf
  1886 | D:3      | a steam dragon changed into a wolf
  1890 | D:3      | Killed a wolf
  1891 | D:3      | Reached skill level 3 in Invocations
  1916 | D:3      | Reached skill level 4 in Invocations
  1916 | D:3      | Reached XP level 6. HP: 32/56 MP: 7/9
  2050 | D:3      | Found a bloodstained altar of Trog.
  2158 | D:3      | Found a stormy altar of Qazlal.
  2158 | D:3      | Found a faded altar of an unknown god.
  2166 | D:3      | Found a faded altar of an unknown god.
  2168 | D:3      | Found a basalt altar of Yredelemnul.
  2170 | D:3      | Found an iron altar of Okawaru.
  2373 | D:3      | Identified a scroll of acquirement
  2373 | D:3      | Acquired a +3 vorpal fustibalus
  2396 | D:3      | Found a faded altar of an unknown god.
  2516 | D:4      | Found a staircase to the Ecumenical Temple.
  2608 | D:4      | Received a gift from Nemelex Xobeh
  2691 | D:4      | Reached *** piety under Nemelex Xobeh
  3025 | D:4      | Reached skill level 5 in Invocations
  3147 | D:4      | Learned a level 3 spell: Call Canine Familiar
  3163 | D:4      | Found Cejecwo's Distillery.
  3166 | D:4      | Found Ecexkol's Distillery.
  3166 | D:4      | Found Bumuthauto's Jewellery Boutique.
  3184 | D:4      | Bought a potion of mutation for 96 gold pieces
  3184 | D:4      | Gained mutation: You expend magic power (3 MP) to
                  | strengthen your wands. [potion of mutation]
  3463 | D:5      | Entered Level 5 of the Dungeon
  3469 | D:5      | Reached XP level 7. HP: 16/62 MP: 11/11
  3562 | D:5      | Reached skill level 1 in Summonings
  3655 | D:5      | Received a gift from Nemelex Xobeh
  3658 | D:5      | Reached skill level 6 in Invocations
  3849 | D:5      | Found a white marble altar of Elyvilon.
  3882 | D:5      | Reached skill level 5 in Slings
  4096 | D:5      | Reached skill level 7 in Invocations
  4096 | D:5      | Reached XP level 8. HP: 32/69 MP: 13/13
  4772 | D:6      | Noticed Sigmund
  4873 | D:6      | Reached **** piety under Nemelex Xobeh
  4903 | D:6      | Reached skill level 8 in Invocations
  4947 | D:6      | Gained mutation: You passively map the area around you.
                  | [Deep Dwarf growth]
  4947 | D:6      | Reached XP level 9. HP: 29/76 MP: 2/15
  5067 | D:6      | Noticed Edmund
  5086 | D:6      | Killed Edmund
  5087 | D:6      | Reached skill level 9 in Invocations
  5168 | D:6      | Received a gift from Nemelex Xobeh
  5671 | D:7      | Reached skill level 1 in Shields
  5671 | D:7      | Reached skill level 5 in Summonings
  6156 | D:7      | Reached skill level 10 in Invocations
  6301 | D:7      | Received a gift from Nemelex Xobeh
  6932 | D:8      | Reached ***** piety under Nemelex Xobeh
  6994 | D:8      | Noticed Prince Ribbit
  7002 | D:8      | Killed Prince Ribbit
  7250 | D:8      | Noticed Psyche
  7253 | D:8      | Killed Psyche
  7254 | D:8      | Reached XP level 10. HP: 51/84 MP: 16/16
  7312 | D:8      | Received a gift from Nemelex Xobeh
  7321 | D:8      | Noticed an orange crystal statue
  7329 | D:8      | Killed an orange crystal statue
  7330 | D:8      | Reached skill level 5 in Shields
  7330 | D:8      | Reached skill level 11 in Invocations
  7335 | D:8      | Identified the +7 war axe of Nufoxolu {vorpal, Fly rPois}
  7744 | D:9      | Noticed a gargoyle
  7760 | D:9      | Killed a gargoyle
  7761 | D:9      | Reached skill level 1 in Axes
  8258 | D:9      | Received a gift from Nemelex Xobeh
  8382 | D:9      | Found a glowing silver altar of Zin.
  8537 | D:9      | Received a gift from Nemelex Xobeh
  8550 | D:9      | Lost mutation: You expend magic power (3 MP) to strengthen
                  | your wands. [potion of mutation]
  8550 | D:9      | Gained mutation: You are partially covered in iridescent
                  | scales. (AC +2) [potion of mutation]
  8550 | D:9      | Gained mutation: Your flesh is heat resistant. (rF+)
                  | [potion of mutation]
  8686 | D:10     | Entered Level 10 of the Dungeon
  8775 | D:10     | Reached skill level 12 in Invocations
  8794 | D:10     | Found a transporter.
  8794 | D:10     | Found a transporter.
  8798 | D:10     | Noticed Bediveer's ghost (journeyman MfGl)
  9004 | D:10     | Noticed a rust devil
  9006 | D:10     | Reached skill level 10 in Slings
  9057 | D:10     | Received a gift from Nemelex Xobeh
  9277 | D:10     | Found a shimmering blue altar of Sif Muna.
  9286 | D:10     | Found a shimmering altar of Xom.
  9352 | D:11     | Noticed Erica
  9355 | D:11     | Killed Erica
  9356 | D:11     | Reached XP level 11. HP: 62/90 MP: 18/18
  9367 | D:11     | Noticed Fannar
  9378 | D:11     | Killed Fannar
  9474 | D:11     | Noticed a boulder beetle
  9512 | D:11     | Reached skill level 5 in Axes
  9533 | D:11     | Noticed a death yak
  9533 | D:11     | Noticed a death yak
  9542 | D:11     | Killed a death yak
  9542 | D:11     | Killed a death yak
  9543 | D:11     | Noticed a death yak
  9545 | D:11     | Noticed a death yak
  9547 | D:11     | Killed a death yak
  9548 | D:11     | Noticed a death yak
  9553 | D:11     | Noticed a death yak
  9560 | D:11     | Noticed a boulder beetle
  9638 | D:11     | Killed a boulder beetle
  9742 | D:11     | Noticed Erolcha
  9758 | D:11     | Noticed a brown ugly thing
 10049 | D:11     | Killed a death yak
 10055 | D:11     | Killed a death yak
 10061 | D:11     | Killed a death yak
 10062 | D:11     | Killed Erolcha
 10183 | D:11     | Received a gift from Nemelex Xobeh
 10186 | D:11     | You fall into a shaft and drop 2 floors!
 10241 | D:13     | Reached XP level 12. HP: 93/97 MP: 13/19
 10289 | D:13     | Noticed Nessos
 10289 | D:13     | Noticed an eight-headed hydra
 10299 | D:13     | Killed an eight-headed hydra
 10300 | D:13     | Killed Nessos
 10344 | D:13     | Noticed a centaur warrior
 10349 | D:13     | Noticed a centaur warrior
 10356 | D:13     | Noticed Rupert
 10400 | D:13     | HP: 1/97 [something/shard of ice (8)]
 10403 | D:13     | Noticed a centaur warrior
 10403 | D:13     | Shot with an arrow by a centaur warrior

Illustrated notes

Levels and vault maps discovered:
D:1:      eino_arrival_water_cross, layout_basic, minmay_ruptured
D:2:      layout_loops_cross, serial_bayou_pond_e
D:3:      layout_rooms, nemelex_altar_shiori, overflow_temple_1_default,
          chequers_temple_overflow_minitemple, nicolae_ecumenical_oubliette
D:4:      layout_basic, minmay_temple_entry_butterflies,
          nicolae_wooded_promenade, minmay_starry_boxes
D:5:      layout_basic, nicolae_elyvilon_peaceful_grove, serial_corexii_hall,
          corexii_hall_statues_u, chequers_hall_statues_corner_a
D:6:      layout_loops_ring, minmay_alternating_orb, uniq_sigmund, uniq_edmund
D:7:      layout_cave_pools, serial_gnoll_camp, gnoll_camp_mini_house,
          gnoll_camp_medium_01, gnoll_camp_mini_loothouse, gnoll_camp_mini_hut,
          gnoll_camp_mini_basic
D:8:      minmay_statue_hallways, layout_basic, grunt_decor_clamped,
          uniq_psyche, uniq_prince_ribbit1
D:9:      layout_cave_pods, kennysheep_mini_moat
D:10:     layout_rooms, mainiacjoe_overflow_swirl, gammafunk_ghost_hive,
          special_room [special_room_kobold]
D:11:     layout_loops_ring, dpeg_lair_monsters, minmay_rotating_lava,
          uniq_erica, uniq_erolcha, uniq_fannar
D:13:     layout_roguey, david_vaults_3, nicolae_elevator_lobby_plus,
          uniq_nessos

Skill      XL: |  1  2  3  4  5  6  7  8  9 10 11 |
---------------+----------------------------------+-----
Fighting       | 3 |  3.3
Dodging        | 4 |  4.1
Stealth        | 3 |  3.7
Invocations    | 2 4 5 7 8 10 12 | 12.9
Slings         | 2 3 5 6 8 10 11 | 11.8
Summonings     | 2 4 5 |  5.8
Shields        | 4 7 9 |  9.5
Axes           | 4 7 |  7.7
Maces & Flails | |  3.7

Action                   |  1- 3 |  4- 6 |  7- 9 | 10-12 || total
-------------------------+-------+-------+-------+-------++-------
Melee: Mace              |     3 |   146 |   142 |       ||   291
       Punch             |       |     3 |       |       ||     3
       Unarmed           |       |       |     2 |       ||     2
       Whip              |       |       |    22 |   129 ||   151
 Fire: Hunting sling     |       |    75 |       |       ||    75
       Fustibalus        |       |    42 |   170 |    51 ||   263
Throw: Stone             |       |    15 |       |       ||    15
       Dart              |       |       |       |     2 ||     2
 Cast: Call Canine Famil |       |       |     5 |    17 ||    22
       Summon Small Mamm |       |       |     4 |    17 ||    21
Invok: Draw Summoning    |     1 |       |     3 |    16 ||    20
       Draw Destruction  |       |     7 |    17 |    25 ||    49
       Draw Escape       |       |     3 |    10 |    11 ||    24
 Abil: Heal Wounds       |       |       |     2 |       ||     2
Evoke: Wand              |       |       |    24 |    17 ||    41
  Use: Potion            |       |     4 |     4 |     4 ||    12
       Scroll            |       |     7 |     3 |     3 ||    13
 Stab: Sleeping          |       |     4 |       |       ||     4
       Petrified         |       |       |     1 |       ||     1
       Paralysed         |       |       |    11 |       ||    11
       Distracted        |       |       |       |     1 ||     1
Armor: Robe              |       |    50 |       |       ||    50
       Leather armour    |       |     2 |   103 |    48 ||   153
       Skin              |       |       |     2 |       ||     2
Dodge: Dodged            |     1 |   154 |   104 |    49 ||   308
Block: Buckler           |       |     8 |    15 |       ||    23
       Kite shield       |       |       |    27 |    75 ||   102
